 Dungeon Crawl Stone Soup version 0.28.0-43-g3370ac3207 (webtiles) character file.

Game seed: 13603017515356394077

56 theElss the Skirmisher (level 3, -1/24 HPs)
             Began as a Gargoyle Berserker on Mar 17, 2022.
             Was a Follower of Trog.
             Killed from afar by an orc wizard (6 damage)
             ... with a puff of flame
             ... on level 3 of the Dungeon.
             The game lasted 00:02:16 (1678 turns).

theElss the Skirmisher (Gargoyle Berserker)         Turns: 1678, Time: 00:02:17

Health: -1/24      AC:  8    Str: 22    XL:     3   Next: 97%
Magic:  3/3        EV: 11    Int:  7    God:    Trog [*.....]
Gold:   136        SH:  0    Dex:  9    Spells: 2/2 levels left

rFire   . . .      SeeInvis .   a - +0 mace
rCold   . . .      Faith    .   (no shield)
rNeg    + . .      Spirit   .   h - +0 ring mail
rPois   ∞          Reflect  .   (no helmet)
rElec   +          Harm     .   (no cloak)
rCorr   .          Rampage  .   (no gloves)
Will    .....                   (no boots)
Stlth   ..........              (no amulet)
HPRegen 0.08/turn               (no ring)
MPRegen 0.08/turn               (no ring)

@: confused, on berserk cooldown, slowed, very slow
A: sickness immunity, AC +3, negative energy resistance 1, electricity
resistance, torment resistance 1, petrification resistance
a: Renounce Religion, Berserk


You were on level 3 of the Dungeon.
You worshipped Trog.
Trog was aware of your devotion.
You visited 1 branch of the dungeon, and saw 3 of its levels.

You collected 136 gold pieces.

Inventory:

Hand Weapons
 a - a +0 mace (weapon)
Armour
 b - a +0 animal skin
 d - a +0 leather armour
 h - a +0 ring mail (worn)
Scrolls
 c - 4 scrolls of identify {unknown}
 f - a scroll of magic mapping {unknown}
 i - a scroll of fog {unknown}
 k - a scroll of teleportation {unknown}
 l - a scroll of noise {unknown}
Potions
 e - a potion of attraction {unknown}
 g - a potion of heal wounds {unknown}
 j - a potion of cancellation {unknown}


   Skills:
 + Level 3.8 Fighting
 + Level 3.4 Maces & Flails
 + Level 3.0 Armour
 + Level 2.1 Dodging


You had 2 spell levels left.
You didn't know any spells.
Your spell library was empty.

Dungeon Overview and Level Annotations

Branches:
Dungeon (3/15)

Altars:


Innate Abilities, Weirdness & Mutations

You are immune to sickness and miasma.
Your stone body is resilient. (AC +3)
You are immune to poison.
You resist negative energy. (rN+)
You are resistant to electric shocks. (rElec)
You are resistant to unholy torment.
You are immune to petrification.


Message History

You kill the orc!
Trog accepts your kill. The dart slug launches a dart at you.
The slug dart hits you. The orc wizard closely misses you.
You see here a +0 hand axe.
You sock the orc wizard!
The orc wizard is heavily wounded.
You barely miss the orc wizard.
The orc wizard is heavily wounded.
The orc wizard gestures at you while chanting.
You are confused.
Something hits you but does no damage.
You hit the orc wizard.
The orc wizard is almost dead.
The orc wizard hits you but does no damage.
Something hits you but does no damage.
You barely miss the orc wizard.
The orc wizard is almost dead.
You bump into the translucent rock wall.
Something hits you but does no damage.
You feel a strong urge to attack something.
You are no longer berserk.
You are exhausted.
You feel yourself slow down.
The orc wizard points at you and mumbles some strange words.
You are more confused.
You see here a +0 dagger.
You miss the orc wizard.
The orc wizard is almost dead.
Something hits you.
The orc wizard gestures at you while chanting.
The magic dart hits you. Something hits you. The orc hits you with a +0 dagger.
* * * LOW HITPOINT WARNING * * *
Unknown command.
Something barely misses you. The orc wizard closely misses you.
You bump into the rock wall.
Something hits you but does no damage.
The orc wizard gestures at you while chanting.
The puff of flame hits you.
You die...

#.#.#.#.#
#........
###########
#.#.#.#.#
#.........#
#........
#.#######.#
#.#.#.#.# #.#
#.######........
#.#
#.......w#.#.#.#
#.#
#.######).......
#.#
#......@oo.#.#..
#.# #.##########
#.#######.#####
#.............#
####.#.##.###.#
##<###.<..##.#
#.## ##.#....#
##.###...)####
##.#.##..#


You could see an orc wizard, a dart slug and an orc.

Vanquished Creatures
  A gnoll (D:1)
  An adder (D:2)
  A dart slug (D:1)
  An orc (D:3)
  4 endoplasms
  4 goblins
  4 hobgoblins (D:1)
  3 kobolds
  4 ball pythons
  4 bats
  3 frilled lizards
  3 rats
33 creatures vanquished.

Notes
Turn   | Place    | Note
-------+----------+-------------------------------------------
     0 | D:1      | theElss the Gargoyle Berserker began the quest for the Orb.
     0 | D:1      | Reached XP level 1. HP: 14/14 MP: 1/1
    87 | D:1      | Reached XP level 2. HP: 19/19 MP: 2/2
   559 | D:1      | Reached XP level 3. HP: 23/23 MP: 3/3
  1678 | D:3      | Killed from afar by an orc wizard

Illustrated notes

Levels and vault maps discovered:
D:1:      saegor_arrival_miasma, layout_loops_corners, chequers_avenue,
          chequers_serial_rivers_large_b, minmay_heptomino_h4
D:2:      layout_basic
D:3:      layout_loops_ring, hellmonk_ecumenical_altar_heavens_door,
          serial_glass, glass_columns_b, glass_columns_c

Skill      XL: |  1  2  3 |
---------------+----------+-----
Dodging        | 2 |  2.1
Armour         | 3 |  3.0
Fighting       | |  3.8
Maces & Flails | |  3.4

Action                   || total
-------------------------++-------
Melee: Mace              ||    82
       Punch             ||     1
Invok: Berserk           ||     2
Armor: Animal skin       ||     7
       Leather armour    ||    24
       Ring mail         ||     9
Dodge: Dodged            ||    52
